 Dungeon Crawl Stone Soup version 0.25-a0-860-gf695395b5c (webtiles) character file.

Game seed: 9624776953555261849, levelgen mode: deterministic

210 DasRunzen the Sneak (level 5, -10/37 HPs)
             Began as a Vampire Venom Mage on Apr 29, 2020.
             Was an Initiate of Okawaru.
             Mangled by an ice beast (14 damage)
             ... on level 6 of the Dungeon.
             The game lasted 00:08:27 (2774 turns).

DasRunzen the Sneak (Vampire Venom Mage)            Turns: 2774, Time: 00:08:27

Health: -10/37     AC:  4    Str:  7    XL:     5   Next: 56%
Magic:  7/9        EV: 13    Int: 19    God:    Okawaru [......]
Gold:   210        SH:  0    Dex: 14    Spells: 6/9 levels left

rFire    . . .     SeeInvis +   b - +5 dagger
rCold    . . .     Gourm    .   (no shield)
rNeg     . . .     Faith    .   a - +0 robe
rPois    .         Spirit   .   c - +1 helmet
rElec    .         Reflect  .   (no cloak)
rCorr    +         Harm     .   (no gloves)
MR       .....                  (no boots)
Stlth    +++.......             (no amulet)
HPRegen  0.32/turn              f - ring of resist corrosion
MPRegen  0.11/turn              (no ring)

@: regenerating quickly
A: no food, fangs 3, see invisible, unbreathing
a: Exsanguinate, Renounce Religion


You were on level 6 of the Dungeon.
You worshipped Okawaru.
Okawaru was noncommittal.
You were alive.

You visited 1 branch of the dungeon, and saw 5 of its levels.

You collected 210 gold pieces.

Inventory:

Hand Weapons
 b - a +5 dagger (weapon)
Armour
 a - a +0 robe (worn)
 c - a +1 helmet (worn)
Magical Staves
 n - an uncursed staff of death
Jewellery
 f - a ring of resist corrosion (left hand)
Wands
 j - a wand of iceblast (3)
Scrolls
 h - 3 scrolls of teleportation
 i - a scroll of remove curse
 p - a scroll of enchant weapon
Potions
 d - a potion of cancellation
 e - a potion of invisibility {unknown}
 g - a potion of brilliance
 k - 2 potions of resistance {unknown}
 l - a potion of might {unknown}
 m - a potion of heal wounds {unknown}
 o - 3 potions of stabbing {unknown}


   Skills:
 + Level 1.6 Fighting
 + Level 1.5 Short Blades
 + Level 3.1 Dodging
 + Level 4.5 Stealth
 + Level 2.8 Spellcasting
 + Level 2.3 Transmutations
 + Level 3.4 Poison Magic


You had 6 spell levels left.
You knew the following spells:

 Your Spells              Type           Power        Failure   Level  Hunger
a - Sting                 Tmut/Pois      ##..         4%          1    N/A
b - Poisonous Vapours     Pois/Air       #.....       12%         2    N/A

Your spell library contained the following spells:

 Spells                   Type           Power        Failure   Level  Hunger
 Ignite Poison            Fire/Tmut/Pois #.......     22%         3    N/A
 Mephitic Cloud           Conj/Pois/Air  #.......     30%         3    N/A
 Olgreb's Toxic Radiance  Pois           ###.....     36%         4    N/A

Dungeon Overview and Level Annotations

Branches:
Dungeon (4/15)
 Temple: D:4-7

Altars:
Elyvilon
Hepliaklqana
Okawaru
Uskayaw


Innate Abilities, Weirdness & Mutations

You do not eat.
Your natural rate of healing is unusually fast.
You have razor-sharp teeth.
You have supernaturally acute eyesight. (SInv)
You can survive without breathing.


Message History

Press: ? - help, Shift-Dir - straight line, f/p - ice beast
Aim: an ice beast (severely wounded)
The sting misses the ice beast.
The ice beast completely misses you.
Casting: Sting (safe; 4% risk of failure)
Confirm with . or Enter, or press ? or * to list all spells.
Aiming: Sting (safe; 4% risk of failure)
Press: ? - help, Shift-Dir - straight line, f/p - ice beast
Aim: an ice beast (severely wounded)
The sting hits the ice beast but does no damage.
The ice beast is poisoned.
The ice beast is severely wounded.
The ice beast hits you.
* * * LOW HITPOINT WARNING * * *
The ice beast freezes you.
* * * LOW HITPOINT WARNING * * *
The ice beast looks more healthy.
The ice beast hits you.
* * * LOW HITPOINT WARNING * * *
The ice beast freezes you!
You die...

... ## #.# #.# #$#
#.###.## #.##...#
#.##.P.#
#.##...######..#
##..##.##.......#
#.....Y@.#####.##
#...####.# #...#
#.# #...# #.#
.#####...####.#
............#.#
.........##.#.###.#
#.####............#
# #..###.#.#####


You could see an ice beast.

Vanquished Creatures
  An iguana (D:6)
  A bullfrog skeleton (D:4)
  A worker ant (D:4)
  4 adders
  2 oozes (D:2)
  An adder skeleton (D:4)
  2 worms
  A dart slug (D:4)
  7 leopard geckos
  3 orcs
  A ball python (D:2)
  7 giant cockroaches
  6 goblins
  7 hobgoblins
  A jackal (D:3)
  7 kobolds
  2 quokkas
  4 bats
  4 frilled lizards
  9 rats
71 creatures vanquished.

Notes
Turn   | Place    | Note
-------+----------+-------------------------------------------
     0 | D:1      | DasRunzen the Vampire Venom Mage began the quest for the
                  | Orb.
     0 | D:1      | Reached XP level 1. HP: 13/13 MP: 3/3
   218 | D:1      | Reached XP level 2. HP: 20/20 MP: 3/5
   851 | D:2      | Reached XP level 3. HP: 25/25 MP: 3/6
  1047 | D:2      | Reached skill level 1 in Fighting
  1142 | D:2      | Learned a level 2 spell: Poisonous Vapours
  1263 | D:2      | Found a hazy altar of Hepliaklqana.
  1332 | D:2      | Reached skill level 4 in Stealth
  1424 | D:2      | Found an iron altar of Okawaru.
  1430 | D:2      | Reached XP level 4. HP: 25/32 MP: 5/7
  1441 | D:2      | Became a worshipper of Warmaster Okawaru
  2022 | D:3      | Reached skill level 1 in Short Blades
  2487 | D:4      | Reached XP level 5. HP: 37/37 MP: 8/8
  2494 | D:4      | Found a hide-covered altar of Uskayaw.
  2671 | D:4      | You fall into a shaft and drop 2 floors!
  2675 | D:6      | Noticed an ice beast
  2676 | D:6      | Found a white marble altar of Elyvilon.
  2774 | D:6      | Mangled by an ice beast

Levels and vault maps discovered:
D:1:      dpeg_arrival_boxorama, layout_basic, minmay_misc_feat_roman
D:2:      cheibrodos_old_hovel, layout_basic, old_standard_altar,
          okawaru_trees_1, minmay_tetromino_i4
D:3:      kennysheep_six_static_rooms, layout_basic, first_ration, minivault_23
D:4:      cheibrodos_quashed, layout_rooms, grunt_temple_overflow_holy_war,
          eat_drink_and_be_merry_uskayaw, minmay_misc_feat_ornament,
          minmay_box_of_dots
D:6:      layout_loops_ring, elyvilon_altar_1, minmay_temple_entry_sparse_star

Skill      XL: |  1  2  3  4  5 |
---------------+----------------+-----
Fighting       | 1 |  1.6
Poison Magic   | 3 |  3.4
Stealth        | 4 |  4.5
Short Blades   | 1 |  1.5
Transmutations | 2 |  2.3
Dodging        | 3 |  3.1
Spellcasting   | |  2.8

Action                   |  1- 3 |  4- 6 || total
-------------------------+-------+-------++-------
Melee: Unarmed           |    19 |       ||    19
       Dagger            |    85 |    98 ||   183
       Bite              |     5 |     7 ||    12
 Cast: Sting             |    42 |     7 ||    49
       Poisonous Vapours |     2 |     9 ||    11
  Use: Scroll            |     1 |    12 ||    13
 Stab: Sleeping          |     6 |     5 ||    11
Armor: Robe              |    30 |    21 ||    51
Dodge: Dodged            |    94 |    63 ||   157

Table legend:
 A = Non-vault XP
 B = Vault XP
 C = Vault XP percentage of total XP
 D = Non-vault monster count
 E = Vault monster count
 F = Vault count percentage of total count
                 A         B        C        D         E       F
            +---------+---------+-------+---------+---------+-------
      Total |     268 |      32 |  10.7 |      60 |      11 |  15.5
            +---------+---------+-------+---------+---------+-------
        D:1 |      24 |       0 |   0.0 |      15 |       0 |   0.0
        D:2 |      59 |      16 |  21.3 |      24 |       4 |  14.3
        D:3 |      62 |      13 |  17.3 |      15 |       6 |  28.6
        D:4 |      83 |       3 |   3.5 |       5 |       1 |  16.7
        D:6 |      40 |       0 |   0.0 |       1 |       0 |   0.0
            +---------+---------+-------+---------+---------+-------
